 Dungeon Crawl Stone Soup version 0.27.1-4-g1640c2035a (webtiles) character file.

Game seed: 1393038096426506521

16 tizbic2 the Ducker (level 2, 0/21 HPs)
             Began as an Octopode Monk on Nov 14, 2021.
             Frozen to death by an endoplasm (3 damage)
             ... on level 1 of the Dungeon.
             The game lasted 00:05:39 (617 turns).

tizbic2 the Ducker (Octopode Monk)                   Turns: 617, Time: 00:05:40

Health: 0/21       AC:  1    Str: 10    XL:     2   Next: 58%
Magic:  2/2        EV: 14    Int: 12    God:
Gold:   42         SH:  0    Dex: 14    Spells: 1/1 levels left

rFire    + . .     SeeInvis .   c - staff of fire
rCold    . . .     Faith    .   (no shield)
rNeg     . . .     Spirit   .   (helmet restricted)
rPois    .         Reflect  .   (no amulet)
rElec    .         Harm     .   (no ring)
rCorr    .         Rampage  .   (no ring)
Will     .....                  (no ring)
Stlth    +++.......             (no ring)
HPRegen  0.07/turn              (no ring)
MPRegen  0.08/turn              (no ring)
                                (no ring)
                                (no ring)

@: no status effects
A: almost no armour, amphibious, 8 rings, camouflage 1, gelatinous body 1,
(nimble swimmer 1), tentacles
a: no special abilities


You were on level 1 of the Dungeon.
You visited 1 branch of the dungeon, and saw 1 of its levels.

You collected 42 gold pieces.

Inventory:

Missiles
 b - 20 stones (quivered)
Magical Staves
 c - a staff of fire (weapon)
Jewellery
 a - a ring of fire
Scrolls
 d - 2 scrolls of enchant armour {unknown}
 e - a scroll of noise {unknown}
 f - a scroll of identify {unknown}
Potions
 g - a potion of invisibility {unknown}


   Skills:
 - Level 3.0 Fighting
 - Level 3.0 Long Blades
 * Level 1.0 Staves
 + Level 3.5 Dodging
 - Level 2.7 Stealth
 - Level 0.1 Spellcasting


You had one spell level left.
You didn't know any spells.
Your spell library was empty.

Dungeon Overview and Level Annotations

Branches:
Dungeon (1/15)

Altars:

Shops:
D:1 [


Innate Abilities, Weirdness & Mutations

You cannot wear most types of armour.
You are amphibious.
You can wear up to eight rings at the same time.
Your skin changes colour to match your surroundings (Stealth+).
Your rubbery body absorbs attacks. (AC +1, EV +1)
((You are camouflaged near water. (Stealth+)))
You have tentacles for arms and can constrict up to eight enemies at once.


Message History

The goblin barely misses you. The goblin barely misses you.
You hit the goblin. You grab the goblin.
The goblin is heavily wounded.
You constrict the goblin, but do no damage.
The goblin misses you.
You hit the goblin but do no damage.
The goblin is heavily wounded.
You constrict the goblin. The goblin closely misses you.
You barely miss the goblin.
The goblin is heavily wounded.
You constrict the goblin.
You kill the goblin!
An endoplasm comes into view.
Things that are here:
a +0 club; a goblin corpse
g - a cyan potion
There are no items here.
A goblin comes into view. It is wielding a +0 club.
The goblin shouts!
The goblin misses you.
You barely miss the goblin. Your grab misses the goblin.
Your squeeze misses the goblin. The goblin hits you but does no damage.
The endoplasm freezes you.
You are frozen!
You feel a terrible chill!
You hit the endoplasm but do no damage.
You squeeze the endoplasm, but do no damage.
The goblin hits you with a +0 club. The endoplasm freezes you.
You are frozen.
You feel a terrible chill! The goblin hits you with a +0 club.
* * * LOW HITPOINT WARNING * * *
You remove your ring of fire.
You hit the endoplasm.
The endoplasm is heavily wounded.
The endoplasm hits you.
* * * LOW HITPOINT WARNING * * *
The goblin closely misses you. The endoplasm freezes you.
You are frozen.
You die...

......# ### #. #..........#.....
...........###$##..........#.....
...........................#.....
.............................##..
..................)..............
......................)..........
.................................
......)......................##..
...............J@..........####..
...............g.................
...................###...........
...............##..###...........
...............##................
#####+##.......##................
...##.##.......##.......#####....
...##.##........................#
.†.............#.................


You could see an endoplasm and a goblin.

Vanquished Creatures
  A dart slug (D:1)
  A ball python (D:1)
  An endoplasm (D:1)
  A hobgoblin (D:1)
  2 jackals (D:1)
  A bat (D:1)
  A frilled lizard (D:1)
  4 goblins (D:1)
  A rat (D:1)
13 creatures vanquished.

Notes
Turn   | Place    | Note
-------+----------+-------------------------------------------
     0 | D:1      | tizbic2 the Octopode Monk began the quest for the Orb.
     0 | D:1      | Reached XP level 1. HP: 16/16 MP: 1/1
    45 | D:1      | Found Sioc Otoyz's Antique Armour Shoppe.
   342 | D:1      | Reached XP level 2. HP: 21/21 MP: 2/2
   544 | D:1      | Found a faded altar of an unknown god.
   584 | D:1      | Reached skill level 1 in Staves
   617 | D:1      | Frozen to death by an endoplasm

Illustrated notes

Levels and vault maps discovered:
D:1:      lightli_arrival_flooded_house, layout_basic,
          shapermc_ecumenical_altar_pompeii, serial_shops, shop

Skill      XL: |  1  2 |
---------------+-------+-----
Staves         | 1 |  1.0
Fighting       | |  3.0
Long Blades    | |  3.0
Dodging        | |  3.5
Stealth        | |  2.7
Spellcasting   | |  0.1

Action                   || total
-------------------------++-------
Melee: Staff             ||    20
       Falchion          ||     4
       Constrict         ||     5
       Tentacles         ||     4
  Use: Scroll            ||     1
 Stab: Sleeping          ||     7
Armor: Skin              ||     1
Dodge: Dodged            ||    14
